 Dungeon Crawl Stone Soup version 0.25-a0-87-ga3d287bc14 (webtiles) character file.

Game seed: 18167127130128601116, levelgen mode: deterministic

365 Gargoyl the Skirmisher (level 6, -6/53 HPs)
             Began as a Centaur Abyssal Knight on Nov 10, 2019.
             Was a Believer of Lugonu.
             Mangled by a gnoll
             ... wielding the +9 halberd of the Past {chaos, MR+ Dex+7}
              (14 damage)
             ... on level 3 of the Dungeon.
             The game lasted 00:05:31 (3837 turns).

Gargoyl the Skirmisher (Centaur Abyssal Knight)     Turns: 3837, Time: 00:05:31

Health: -6/53      AC:  7    Str: 14 (15) XL:     6   Next: 40%
Magic:  8/8        EV:  8    Int: 11      God:    Lugonu [**....]
Gold:   129        SH:  0    Dex:  9 (10) Spells: 5/5 levels left

rFire    . . .     SeeInvis .   e - +2 whip (elec)
rCold    . . .     Gourm    .   (no shield)
rNeg     + . .     Faith    .   i - +0 ring mail
rPois    .         Spirit   .   (no helmet)
rElec    .         Reflect  .   h - +0 cloak
rCorr    .         Harm     .   (no gloves)
MR       .....                  (no barding)
Stlth    ..........             (no amulet)
HPRegen  0.17/turn              g - ring of positive energy
MPRegen  0.11/turn              (no ring)

@: lethally poisoned (-6 -> -11), very quick
A: large, hooves 3, deformed body, deterioration 1, speed 2, mutation resistance
1, tough skin 3
a: Depart the Abyss, Bend Space, Renounce Religion


You were on level 3 of the Dungeon.
You worshipped Lugonu.
Lugonu was pleased with you.
You were not hungry.

You visited 1 branch of the dungeon, and saw 3 of its levels.
You visited the Abyss 1 time.

You collected 129 gold pieces.

Inventory:

Hand Weapons
 a - a +1 hand axe
 e - a +2 whip of electrocution (weapon)
Missiles
 q - 2 boomerangs (quivered)
Armour
 h - a +0 cloak (worn)
 i - a +0 ring mail (worn)
Jewellery
 g - a ring of positive energy (left hand)
Scrolls
 f - a scroll of blinking
 j - a scroll of fear {unknown}
 l - a scroll of teleportation
 m - a scroll of identify
Potions
 b - a potion of cancellation {unknown}
 d - a potion of lignification
 k - a potion of agility
 n - a potion of ambrosia {unknown}
 o - a potion of curing {unknown}
 p - a potion of flight {unknown}
 r - 4 potions of magic
Comestibles
 c - 9 rations


   Skills:
 + Level 4.6 Fighting
 + Level 2.5(2.8) Axes
 + Level 1.9(2.5) Maces & Flails
 * Level 2.7 Armour
 * Level 1.5 Dodging
 * Level 3.2 Invocations


You had 5 spell levels left.
You didn't know any spells.
Your spell library contained the following spells:

 Spells                   Type           Power        Failure   Level  Hunger
 Animate Skeleton         Necr           N/A          56%         1    ##.....
 Apportation              Tloc           #.....       56%         1    ##.....
 Confusing Touch          Hex            #.....       56%         1    ##.....
 Summon Small Mammal      Summ           #...         56%         1    ##.....


Dungeon Overview and Level Annotations

Branches:
Dungeon (3/15)

Altars:
Ashenzari
Uskayaw

Annotations:
D:3 TimeIsEndless's ghost, amateur OpVM


Innate Abilities, Weirdness & Mutations

You have hooves in place of feet.
Armour fits poorly on your strangely shaped body.
You cover ground very quickly.
You have extremely tough skin. (AC +3)
Your body sometimes deteriorates upon taking damage.
You are somewhat resistant to further mutation.


Message History

The gnoll zaps a wand.
You are blasted!
You see here a +0 club.
You barely miss the gnoll.
The gnoll hits you with a +0 whip of electrocution.
* * * LOW HITPOINT WARNING * * *
You hit the gnoll. You kick the gnoll.
You kill the gnoll!
Lugonu accepts your kill.
Unknown command.
The gnoll closely misses you.
Items here: $ ) / = † a +0 whip of electrocution; a wand of disintegration (5) an uncursed ring of stealth; 30 gold pieces; a gnoll corpse The gnoll barely misses you.
The gnoll hits you with the +9 halberd of the Past {chaos, MR+ Dex+7}.
* * * LOW HITPOINT WARNING * * *
You are poisoned.
You feel sick.
The gnoll hits you with the +9 halberd of the Past {chaos, MR+ Dex+7}!
You die...

##.#.#.........## #.#......#.##.
##.#'#.#####....####.#.#####..###
##....<..........................
##.....##.≈≈≈≈≈≈≈≈≈≈≈≈≈≈≈≈≈≈≈≈≈≈≈
##....)'..≈≈≈≈≈≈≈≈≈≈≈≈≈≈≈≈≈≈≈≈≈≈≈
##.....##.≈≈#####....)......#####
##.....##.≈≈#.#.#.###.©.###.#.#.#
'.........≈≈#...###©#####.###...#
####.###..≈≈###g@.............###
# #.# ##.≈≈.8#.######'######.#8.
# #.# #.≈≈.##.#...#8..#.⌠.#.##. #
#.# #.≈≈.#..'..:#⌠©.....'..#. #
#.####.≈≈.##.#..)#8..#.⌠.#.##. #
#......≈≈.8#g######'######.#8.
#.###..≈≈###..g.Wg.))...g..###
#.# ##.≈≈#...###.#####.###...#
####.# #.≈≈#.#.#.###.©.###.#.#.#


You could see TimeIsEndless's ghost and 4 gnolls.

Vanquished Creatures
  An eye of draining (Abyss:1)
  2 orc priests
  A gnoll shaman (D:3)
  An orc wizard (D:2)
  2 gnolls (D:3)
  9 adders
  A white imp (Abyss:1)
  An ooze (D:2)
  A worm (D:2)
  3 dart slugs
  3 leopard geckos
  4 orcs
  A giant cockroach (D:1)
  7 hobgoblins
  2 jackals (D:3)
  3 bats
  A frilled lizard (D:1)
  4 goblins (D:1)
  4 kobolds
  6 rats
57 creatures vanquished.

Vanquished Creatures (others)
  6 plants (D:3)
6 creatures vanquished.

Grand Total: 63 creatures vanquished

Notes
Turn   | Place    | Note
-------+----------+-------------------------------------------
     0 | Abyss:1  | Gargoyl the Centaur Abyssal Knight began the quest for the
                  | Orb.
     0 | Abyss:1  | Reached XP level 1. HP: 19/19 MP: 2/2
    85 | Abyss:1  | Noticed a small abomination
   134 | Abyss:1  | Noticed an eye of draining
   157 | Abyss:1  | Killed an eye of draining
   157 | Abyss:1  | Reached skill level 4 in Fighting
   157 | Abyss:1  | Reached XP level 2. HP: 18/27 MP: 0/3
   157 | Abyss:1  | Reached XP level 3. HP: 22/33 MP: 0/4
   157 | Abyss:1  | Reached XP level 4. HP: 27/40 MP: 0/5
   191 | Abyss:1  | Noticed a hellwing
   204 | Abyss:1  | Noticed a ynoxinul
   223 | D:1      | Escaped the Abyss
   417 | D:1      | Reached * piety under Lugonu
  1474 | D:2      | Reached XP level 5. HP: 41/47 MP: 6/6
  1550 | D:2      | Found a faded altar of an unknown god.
  1597 | D:2      | Reached skill level 1 in Dodging
  1856 | D:3      | Found a hide-covered altar of Uskayaw.
  2131 | D:3      | Reached skill level 1 in Maces & Flails
  2234 | D:3      | Found a transporter.
  2236 | D:3      | Identified the +9 halberd of the Past {chaos, MR+ Dex+7}
  2266 | D:3      | Gained mutation: Your body sometimes deteriorates upon
                  | taking damage. [potion of mutation]
  2266 | D:3      | Gained mutation: You are somewhat resistant to further
                  | mutation. [potion of mutation]
  2521 | D:3      | Found a transporter.
  2566 | D:3      | Reached ** piety under Lugonu
  2974 | D:3      | Found a shattered altar of Ashenzari.
  3508 | D:2      | Reached XP level 6. HP: 39/53 MP: 8/8
  3676 | D:3      | Noticed TimeIsEndless's ghost (amateur OpVM)
  3837 | D:3      | Mangled by a gnoll

Levels and vault maps discovered:
D:1:      dpeg_arrival_water_fire, layout_loops_ring, minivault_25
D:2:      layout_basic, first_ration, chequers_ecumenical_altar_grove
D:3:      layout_basic, lemuel_crystal_altar, eat_drink_and_be_merry_uskayaw,
          gammafunk_ghost_gnarly_gnolls

Skill      XL: |  1  2  3  4  5 |
---------------+----------------+-----
Fighting       | 4 |  4.6
Axes           | 2 |  2.5
Armour         | 2 |  2.7
Dodging        | 1 |  1.5
Maces & Flails | 1 |  1.9
Invocations    | 3 |  3.2

Action                   |  1- 3 |  4- 6 || total
-------------------------+-------+-------++-------
Melee: Hand axe          |    14 |       ||    14
       Kick              |     2 |    17 ||    19
       Whip              |       |   184 ||   184
Invok: Depart the Abyss  |       |     1 ||     1
  Use: Scroll            |       |     7 ||     7
       Potion            |       |     3 ||     3
  Eat: Chunk             |       |     4 ||     4
       Ration            |       |     1 ||     1
Armor: Leather armour    |       |    58 ||    58
       Ring mail         |       |    13 ||    13
Dodge: Dodged            |     1 |    98 ||    99

Table legend:
 A = Non-vault XP
 B = Vault XP
 C = Vault XP percentage of total XP
 D = Non-vault monster count
 E = Vault monster count
 F = Vault count percentage of total count
                 A         B        C        D         E       F
            +---------+---------+-------+---------+---------+-------
      Total |     452 |      70 |  13.4 |      54 |       3 |   5.3
            +---------+---------+-------+---------+---------+-------
        D:1 |      26 |       0 |   0.0 |      15 |       0 |   0.0
        D:2 |     149 |       0 |   0.0 |      16 |       0 |   0.0
        D:3 |     151 |      70 |  31.7 |      21 |       3 |  12.5
    Abyss:1 |     126 |       0 |   0.0 |       2 |       0 |   0.0
            +---------+---------+-------+---------+---------+-------
